 Dungeon Crawl Stone Soup version 0.26-a0-346-g33516b1736 (webtiles) character file.

Game seed: 9087002163544749597

3669 Glokmah the Zephyrmancer (level 10, -17/59 HPs)
             Began as a Tengu Air Elementalist on July 17, 2020.
             Was a Priest of Makhleb.
             Killed by the air
             ... invoked by Gastronok
              (42 damage)
             ... on level 8 of the Dungeon.
             The game lasted 00:28:06 (11397 turns).

Glokmah the Zephyrmancer (Tengu Air Elementalist)  Turns: 11397, Time: 00:28:07

Health: -17/59     AC: 12    Str:  8    XL:     10   Next: 12%
Magic:  1/18       EV: 18    Int: 19    God:    Makhleb [***...]
Gold:   403        SH:  0    Dex: 15    Spells: 6/19 levels left

rFire    . . .     SeeInvis .   a - +6 mace "Sygioq" {flame, rC+ MR+}
rCold    + . .     Faith    .   (no shield)
rNeg     . . .     Spirit   .   u - +3 leather armour {MR+}
rPois    .         Reflect  .   (helmet restricted)
rElec    .         Harm     .   y - +0 cloak
rCorr    .                      d - +0 pair of gloves {archery}
MR       ++...                  (boots unavailable)
Stlth    ++........             (no amulet)
HPRegen  0.19/turn              m - +4 ring of protection
MPRegen  0.16/turn              (no ring)

@: flying quickly and evasively, quick
A: beak, talons 3, able to fly
a: Stop Flying, Minor Destruction, Lesser Servant of Makhleb, Renounce Religion


You were on level 8 of the Dungeon.
You worshipped Makhleb.
Makhleb was most pleased with you.
You visited 1 branch of the dungeon, and saw 8 of its levels.

You collected 403 gold pieces.

Inventory:

Hand Weapons
 a - the +6 mace "Sygioq" (weapon) {flame, rC+ MR+}
   (You found it on level 6 of the Dungeon)

   It has been specially enchanted to burn those struck by it, causing extra
   injury to most foes and up to half again as much damage against particularly
   susceptible opponents.
   It protects you from cold.
   It affects your resistance to hostile enchantments.
 b - a +2 mace of protection
Missiles
 e - 46 poisoned darts (quivered)
Armour
 d - a +0 pair of gloves of archery (worn)
 o - a +3 leather armour of cold resistance
 u - a +3 leather armour of magic resistance (worn)
 y - a +0 cloak (worn)
 F - a +0 buckler
Magical Staves
 i - an uncursed staff of summoning
Jewellery
 m - a +4 ring of protection (left hand)
 n - an uncursed ring of protection from fire {unknown}
 s - an uncursed ring of wizardry {unknown}
Wands
 g - a wand of flame (16)
 D - a wand of random effects (28)
Scrolls
 h - 2 scrolls of amnesia
 l - 4 scrolls of teleportation
 p - a scroll of blinking
 q - 5 scrolls of remove curse
 x - a scroll of fog
 A - a scroll of identify
 E - 3 scrolls of enchant weapon
Potions
 c - a potion of might {unknown}
 f - a potion of mutation {unknown}
 j - 4 potions of haste
 k - 2 potions of brilliance
 r - 3 potions of curing
 t - 2 potions of heal wounds {unknown}
 v - a potion of flight {unknown}
 w - 3 potions of berserk rage
 z - 2 potions of stabbing {unknown}
 B - 2 potions of lignification {unknown}


   Skills:
 + Level 5.2 Fighting
 + Level 2.0 Maces & Flails
 - Level 4.0 Armour
 + Level 6.2 Dodging
 - Level 2.0 Stealth
 + Level 0.3 Shields
 - Level 5.0 Spellcasting
 + Level 7.3 Conjurations
 * Level 10.9 Air Magic
 + Level 1.6 Invocations


You had 6 spell levels left.
You knew the following spells:

 Your Spells              Type           Power        Failure   Level
a - Shock                 Conj/Air       ####         1%          1
b - Static Discharge      Conj/Air       #####...     1%          3
c - Airstrike             Air            #####.....   1%          4
d - Lightning Bolt        Conj/Air       #####.....   12%         5

Your spell library contained the following spells:

 Spells                   Type           Power        Failure   Level
 Swiftness                Air            #####...     1%          2
 Beastly Appendage        Tmut           #.....       17%         1
 Wereblood                Tmut           #.......     26%         2
 Spider Form              Tmut/Pois      #.........   45%         3
 Ice Form                 Ice/Tmut       #.......     86%         4
 Blade Hands              Tmut           #.........   99%         5


Dungeon Overview and Level Annotations

Branches:
Dungeon (8/15)             Temple (0/1) D:6
   Lair: D:8-11

Altars:
Ashenzari
Cheibriados
Dithmenos
Elyvilon
Fedhas
Makhleb
Sif Muna
Trog
Wu Jian
Xom
Yredelemnul
The Shining One

Shops:
D:4 (   D:5 ?*

Annotations:
D:4 2 runed translucent doors, anet's ghost, amateur DENe
D:8 Gastronok


Innate Abilities, Weirdness & Mutations

You have a beak for a mouth.
You have claws for feet.
You can fly continuously.


Message History

Gastronok mumbles some strange words.
You feel sluggish.
Gastronok mumbles some strange words.
Things that are here:
a +0 robe; a +2 halberd
Press: ? - help, v - describe, . - travel
Here: Gastronok, wearing a +0 hat of magic resistance (severely wounded)
The floor.
Casting: Shock (safe; 1% risk of failure)
Confirm with . or Enter, or press ? or * to list all spells.
Aiming: Shock (safe; 1% risk of failure)
Press: ? - help, Shift-Dir - straight line, f/p - Gastronok
Aim: Gastronok, wearing a +0 hat of magic resistance (severely wounded)
The zap hits Gastronok.
Gastronok is severely wounded.
A black bear comes into view.
Gastronok waves his eye-stalks in wide circles.
The air twists around and violently strikes you in flight!!!
Ouch! That really hurt!
You die...

###............#.#
......h.......)'..
#...#..........#.#
##########
#.#.#..........#.#
#.z.......
..w.#..........#.#
#.#.#######.
..†.......w....#(# .#.#(#
#...
#.###.##.<.....#.###.#.#(#
#.#. .
#.##.......#.....#.#(#
#...
#......r[[..@..#+#.#(#
####
#####.......[..).....# #<#
#.............)#.#####.##
#....##......).#.#.....#.
#....##........###.###.#.
#....##........#...# #.#)
########..##'#.#.#.# ###.
##.##.#...#######)
###'##.#.........((


You could see Gastronok and a river rat (summoned).

Vanquished Creatures
  Prince Ribbit (D:6)
  2 hippogriffs (D:7)
  Eustachio (D:6)
  Duvessa (D:5)
  5 orc warriors
  2 ice beasts
  4 ogres
  2 centaurs
  Blork the orc (D:5)
  3 bullfrogs
  3 wights (D:8)
  Dowan (D:5)
  5 orc priests
  A centaur skeleton (D:6)
  3 jellies
  8 hounds
  3 bullfrog skeletons
  Crazy Yiuf (D:6)
  7 orc wizards
  3 iguanas
  Ijyb (D:3)
  6 worker ants
  A hound skeleton (D:8)
  7 adders
  A shadow imp (D:5)
  2 white imps
  2 ufetubi (D:7)
  An adder zombie (D:6)
  An adder skeleton (D:7)
  5 worms
  5 leopard geckos
  31 orcs
  7 giant cockroaches
  10 hobgoblins
  11 jackals
  6 kobolds
  4 quokkas
  A ball python (D:2)
  4 bats
  2 frilled lizards
  5 goblins
  A leopard gecko skeleton (D:7)
  3 rats
  A spectral orc (D:2)
  A fungus (D:6)
176 creatures vanquished.

Vanquished Creatures (others)
  An adder (D:2)
  A frilled lizard (D:2)
2 creatures vanquished.

Grand Total: 178 creatures vanquished

Notes
Turn   | Place    | Note
-------+----------+-------------------------------------------
     0 | D:1      | Glokmah the Tengu Air Elementalist began the quest for the
                  | Orb.
     0 | D:1      | Reached XP level 1. HP: 10/10 MP: 4/4
   408 | D:1      | Reached XP level 2. HP: 15/15 MP: 3/6
  1027 | D:2      | Found a burning altar of Makhleb.
  1103 | D:2      | Reached XP level 3. HP: 9/20 MP: 5/7
  1289 | D:2      | Found a white marble altar of Elyvilon.
  1490 | D:2      | Found a blossoming altar of Fedhas.
  1757 | D:2      | Reached skill level 1 in Fighting
  2093 | D:2      | Reached skill level 5 in Air Magic
  2093 | D:2      | Reached XP level 4. HP: 15/25 MP: 1/8
  2098 | D:2      | Learned a level 3 spell: Static Discharge
  2523 | D:2      | Found a basalt altar of Yredelemnul.
  2751 | D:2      | Became a worshipper of Makhleb the Destroyer
  2924 | D:3      | Noticed Ijyb
  2964 | D:3      | Killed Ijyb
  3231 | D:3      | Gained mutation: You can fly continuously. [Tengu growth]
  3231 | D:3      | Reached XP level 5. HP: 21/29 MP: 2/9
  3349 | D:3      | You are sucked into a shaft and drop 2 floors!
  3349 | D:5      | Entered Level 5 of the Dungeon
  3454 | D:5      | Noticed Duvessa
  3493 | D:5      | Noticed Dowan
  3673 | D:4      | Found a shattered altar of Ashenzari.
  3689 | D:4      | Found a runed translucent door.
  3692 | D:4      | Noticed anet's ghost (amateur DENe)
  3712 | D:4      | Reached skill level 6 in Air Magic
  3712 | D:4      | Reached XP level 6. HP: 5/35 MP: 1/11
  4114 | D:4      | Found a runed translucent door.
  4697 | D:3      | Reached * piety under Makhleb
  4715 | D:3      | Learned a level 4 spell: Airstrike
  5112 | D:4      | Found a glowing golden altar of the Shining One.
  5122 | D:4      | Found Ujutunn's Antique Weapon Boutique.
  5195 | D:4      | Reached XP level 7. HP: 40/40 MP: 6/12
  5565 | D:4      | Reached skill level 1 in Armour
  5879 | D:4      | Reached skill level 7 in Air Magic
  6611 | D:5      | Noticed Blork the orc
  6615 | D:5      | Killed Blork the orc
  6616 | D:5      | Found Jooma's Elemental Accessories.
  7000 | D:5      | Reached XP level 8. HP: 46/46 MP: 8/14
  7063 | D:5      | Killed Dowan
  7226 | D:5      | Found Weatam Ficw's Magic Scroll Shop.
  7254 | D:5      | Found a shimmering altar of Xom.
  7254 | D:5      | Found an ornate altar of the Wu Jian Council.
  7373 | D:5      | Reached skill level 8 in Air Magic
  7625 | D:5      | Killed Duvessa
  7787 | D:6      | Reached skill level 5 in Conjurations
  7872 | D:6      | Noticed Eustachio
  7973 | D:6      | Killed Eustachio
  8143 | D:6      | Found a staircase to the Ecumenical Temple.
  8235 | D:6      | Noticed Prince Ribbit
  8275 | D:6      | HP: 1/47 [Prince Ribbit (10)]
  8577 | D:6      | Killed Prince Ribbit
  8754 | D:6      | Reached skill level 5 in Dodging
  8754 | D:6      | Reached skill level 9 in Air Magic
  8835 | D:6      | Reached XP level 9. HP: 52/52 MP: 11/16
  9119 | D:6      | Found a bloodstained altar of Trog.
  9304 | D:6      | Found a runed translucent door.
  9305 | D:6      | Noticed Crazy Yiuf
  9311 | D:6      | Killed Crazy Yiuf
  9318 | D:6      | Got a smoking mace
  9323 | D:6      | Identified the +6 mace "Sygioq" {flame, rC+ MR+} (You found
                  | it on level 6 of the Dungeon)
  9460 | D:7      | Found a snail-covered altar of Cheibriados.
  9485 | D:7      | Reached ** piety under Makhleb
  9681 | D:7      | Found a shimmering blue altar of Sif Muna.
  9911 | D:7      | Reached skill level 10 in Air Magic
 10004 | D:7      | Learned a level 5 spell: Lightning Bolt
 10234 | D:7      | Reached skill level 5 in Spellcasting
 10399 | D:7      | Found a shadowy altar of Dithmenos.
 10565 | D:8      | Reached skill level 1 in Maces & Flails
 10703 | D:8      | Reached skill level 1 in Invocations
 10749 | D:8      | Reached skill level 5 in Fighting
 10880 | D:8      | Noticed Gastronok
 11080 | D:8      | Reached XP level 10. HP: 59/59 MP: 15/18
 11092 | D:8      | Reached *** piety under Makhleb
 11397 | D:8      | Killed from afar by Gastronok

Illustrated notes

Levels and vault maps discovered:
D:1:      dpeg_arrival_arbitrary_b, layout_basic
D:2:      layout_basic, overflow_temple_1_default,
          nicolae_overflow_hidden_temple, elyvilon_altar_4,
          yredelemnul_forgotten_temple_becter
D:3:      layout_basic, uniq_ijyb
D:4:      layout_loops_cross, lemuel_doored_altar, overflow_temple_1_default,
          ebering_ghost_sewer_f, serial_shops, nicolae_shop_behind_doors
D:5:      layout_basic, gammafunk_temple_overflow_wave, serial_shops,
          nicolae_shop_crystal, nrook_mini_vaults, serial_bayou_pond_d,
          nicolae_elemental_shop, uniq_blork_the_orc, uniq_duvessa
D:6:      cheibrodos_helix_gallery, layout_loops_ring, kennysheep_mini_moat,
          minmay_temple_entry_large_hall, minmay_misc_feat_roman,
          uniq_crazy_yiuf_cottage, uniq_eustachio, uniq_prince_ribbit1
D:7:      layout_rooms, overflow_temple_1_default, overflow_temple_1_default,
          grunt_dithmenos_smoke
D:8:      layout_basic, uniq_gastronok

Skill      XL: |  1  2  3  4  5  6  7  8  9 10 |
---------------+-------------------------------+-----
Conjurations   | 2 3 4 5 7 |  7.3
Fighting       | 1 2 3 4 5 |  5.2
Air Magic      | 5 6 7 9 10 | 10.9
Dodging        | 3 4 5 6 |  6.2
Spellcasting   | 3 4 5 |  5.0
Armour         | 2 3 4 |  4.0
Maces & Flails | 1 2 |  2.0
Invocations    | 1 |  1.6
Stealth        | |  2.0
Shields        | |  0.3

Action                   |  1- 3 |  4- 6 |  7- 9 | 10-12 || total
-------------------------+-------+-------+-------+-------++-------
Melee: Dagger            |     2 |       |       |       ||     2
       Peck              |     1 |     4 |    13 |     2 ||    20
       Long sword        |     7 |       |       |       ||     7
       Kick              |     3 |     2 |    16 |     6 ||    27
       War axe           |       |    23 |    35 |       ||    58
       Mace              |       |       |    33 |    11 ||    44
 Cast: Shock             |    72 |   120 |   114 |    15 ||   321
       Static Discharge  |       |     8 |    26 |     5 ||    39
       Airstrike         |       |       |    42 |     7 ||    49
 Abil: Fly               |       |     1 |       |       ||     1
  Use: Scroll            |     2 |       |    10 |     1 ||    13
       Potion            |       |       |     1 |       ||     1
 Stab: Sleeping          |       |     1 |     2 |       ||     3
Armor: Robe              |     4 |    11 |       |       ||    15
       Ring mail         |       |     1 |       |       ||     1
       Leather armour    |       |       |    34 |     4 ||    38
Dodge: Dodged            |    26 |    53 |   112 |    14 ||   205
       Rpst.: Long sword |     4 |       |       |       ||     4

Table legend:
 A = Non-vault XP
 B = Vault XP
 C = Vault XP percentage of total XP
 D = Non-vault monster count
 E = Vault monster count
 F = Vault count percentage of total count
                 A         B        C        D         E       F
            +---------+---------+-------+---------+---------+-------
      Total |    4340 |     902 |  17.2 |     166 |      10 |   5.7
            +---------+---------+-------+---------+---------+-------
        D:1 |      20 |       0 |   0.0 |      11 |       0 |   0.0
        D:2 |      91 |       1 |   1.1 |      20 |       1 |   4.8
        D:3 |     125 |      36 |  22.4 |      33 |       1 |   2.9
        D:4 |     612 |       0 |   0.0 |      23 |       0 |   0.0
        D:5 |     350 |     314 |  47.3 |      12 |       3 |  20.0
        D:6 |     612 |     551 |  47.4 |      15 |       5 |  25.0
        D:7 |    1526 |       0 |   0.0 |      31 |       0 |   0.0
        D:8 |    1004 |       0 |   0.0 |      21 |       0 |   0.0
            +---------+---------+-------+---------+---------+-------
